 Dungeon Crawl Stone Soup version 0.26-a0-752-gcff87cac9a (console) character file.

Game seed: 14349929015998258022

282 Ignak the Sneak (level 6, -4/44 HPs)
             Began as a Gnoll Enchanter on Nov 6, 2020.
             Slain by Duvessa
             ... wielding a +0 rapier
              (5 damage)
             ... on level 3 of the Dungeon.
             The game lasted 00:09:42 (3697 turns).

Ignak the Sneak (Gnoll Enchanter)                   Turns: 3697, Time: 00:09:43

Health: -4/44      AC:  3    Str: 10 (11) XL:     6   Next: 28%
Magic:  9/14       EV: 14    Int: 17      God:
Gold:   132        SH:  0    Dex: 16 (17) Spells: 12/15 levels left

rFire    . . .     SeeInvis .   b - +1 dagger (holy)
rCold    . . .     Faith    .   (no shield)
rNeg     . . .     Spirit   .   n - +0 leather armour
rPois    .         Reflect  .   (no helmet)
rElec    .         Harm     .   (no cloak)
rCorr    .         Rampage  .   (no gloves)
MR       .....                  (no boots)
Stlth    +++.......             (no amulet)
HPRegen  0.14/turn              (no ring)
MPRegen  0.14/turn              (no ring)

@: no status effects
A: distributed training, fangs 1, iridescent scales 1, deformed body, screaming
1, strong nose
a: no special abilities


You were on level 3 of the Dungeon.
You visited 1 branch of the dungeon, and saw 4 of its levels.

You collected 132 gold pieces.

Inventory:

Hand Weapons
 b - a +1 dagger of holy wrath (weapon)
Armour
 n - a +0 leather armour (worn)
Wands
 g - a wand of acid (7)
 p - a wand of flame (36)
Scrolls
 a - a scroll of enchant weapon {unknown}
 c - 6 scrolls of remove curse {unknown}
 d - 2 scrolls of enchant armour {unknown}
 f - 3 scrolls of blinking {unknown}
 h - 2 scrolls of noise {unknown}
 i - 2 scrolls of teleportation {unknown}
 j - a scroll of magic mapping {unknown}
 k - 3 scrolls of identify {unknown}
 l - 2 scrolls of random uselessness {unknown}
 q - a scroll of fear {unknown}


   Skills:
 + Level 1.9 Fighting
 + Level 3.2 Short Blades
 + Level 1.9 Long Blades
 + Level 1.9 Axes
 + Level 1.9 Maces & Flails
 + Level 1.9 Polearms
 + Level 1.9 Staves
 + Level 1.9 Slings
 + Level 1.9 Bows
 + Level 1.9 Crossbows
 + Level 1.9 Throwing
 + Level 1.9 Armour
 + Level 4.9 Dodging
 + Level 6.2 Stealth
 + Level 1.9 Shields
 + Level 1.9 Unarmed Combat
 + Level 5.3 Spellcasting
 + Level 1.5 Conjurations
 + Level 5.6 Hexes
 + Level 1.5 Summonings
 + Level 1.5 Necromancy
 + Level 1.5 Translocations
 + Level 1.5 Transmutations
 + Level 1.5 Fire Magic
 + Level 1.5 Ice Magic
 + Level 1.5 Air Magic
 + Level 1.5 Earth Magic
 + Level 1.5 Poison Magic
 + Level 2.1 Invocations
 + Level 1.9 Evocations


You had 12 spell levels left.
You knew the following spells:

 Your Spells              Type           Power        Failure   Level
a - Corona                Hex            ###....      1%          1
c - Ensorcelled Hibernat  Hex/Ice        ###...       6%          2

Your spell library contained the following spells:

 Spells                   Type           Power        Failure   Level
 Confusing Touch          Hex            ###.....     5%          3
 Tukima's Dance           Hex            ###.....     5%          3
 Dazzling Flash           Conj/Hex       ###...       12%         3


Dungeon Overview and Level Annotations

Branches:
Dungeon (4/15)
 Temple: D:4-7

Altars:
Hepliaklqana
Kikubaaqudgha
Vehumet
Wu Jian

Shops:
D:4 !

Annotations:
D:3 Duvessa
D:4 Eustachio


Innate Abilities, Weirdness & Mutations

Your experience applies equally to all skills.
You have very sharp teeth.
Your uncanny sense of smell can sniff out nearby items.
You are partially covered in iridescent scales. (AC +2)
Armour fits poorly on your strangely shaped body.
You occasionally shout uncontrollably at your foes.


Message History

Aim: Duvessa, wielding a +0 rapier and wearing a +0 chain mail (berserk)
The bolt of acid hits Duvessa.
Duvessa is splashed with acid.
The acid corrodes Duvessa!
Duvessa is lightly wounded.
Duvessa barely misses you. x2
Evoke which item? (* to show all) (? for menu, Esc to quit)
Aiming: Throw Flame
Press: ? - help, Shift-Dir - straight line, f/p - Duvessa
Aim: Duvessa, wielding a +0 rapier and wearing a +0 chain mail (lightly wounded, berserk, covered in acid)
The puff of flame misses Duvessa.
Duvessa hits you with a +0 rapier!
* * * LOW HITPOINT WARNING * * *
Evoke which item? (* to show all) (? for menu, Esc to quit)
Aiming: Corrosive Bolt
Press: ? - help, Shift-Dir - straight line, f/p - Duvessa
Aim: Duvessa, wielding a +0 rapier and wearing a +0 chain mail (lightly wounded, berserk, covered in acid)
The bolt of acid hits Duvessa.
Duvessa is splashed with acid.
Duvessa seems to be corroded for longer.
Duvessa is heavily wounded.
Duvessa hits you with a +0 rapier.
You die...

###.# #....# #...........
#...########.# #...........
#.#.....# #.# #...........
#.##.##.# ##'######...).......
#.##..#.# #......##...........
#.###.#.###......##...........
#.###....<.......++...........
#.##......#..)[..##......#####
#.........+.†@)...'......+....
####......#.e))..##......#####
#.....##................#
###########.............#
#...).........#
#.............#
#.............#
#######.............#
####....##.............###


You could see Duvessa (berserk, corroded).

Vanquished Creatures
  Dowan (D:3)
  An orc priest (D:3)
  An orc wizard (D:3)
  A worker ant (D:2)
  3 adders
  An ooze (D:2)
  7 worms
  2 dart slugs (D:3)
  4 leopard geckos
  12 orcs
  A bat skeleton (D:2)
  5 bat zombies (D:2)
  5 giant cockroaches
  4 hobgoblins
  6 jackals
  A quokka (D:4)
  11 bats
  6 frilled lizards
  5 goblins
  6 kobolds
  6 rats
89 creatures vanquished.

Notes
Turn   | Place    | Note
-------+----------+-------------------------------------------
     0 | D:1      | Ignak the Gnoll Enchanter began the quest for the Orb.
     0 | D:1      | Reached XP level 1. HP: 13/13 MP: 6/6
   179 | D:1      | Reached XP level 2. HP: 19/19 MP: 7/7
   249 | D:1      | Learned a level 2 spell: Ensorcelled Hibernation
   714 | D:1      | Reached XP level 3. HP: 18/25 MP: 2/9
   953 | D:2      | Reached skill level 5 in Spellcasting
   983 | D:2      | Reached skill level 6 in Stealth
   983 | D:2      | Reached skill level 1 in Invocations
  1135 | D:2      | Reached skill level 1 in Fighting
  1135 | D:2      | Reached skill level 1 in Long Blades
  1135 | D:2      | Reached skill level 1 in Axes
  1135 | D:2      | Reached skill level 1 in Maces & Flails
  1135 | D:2      | Reached skill level 1 in Polearms
  1135 | D:2      | Reached skill level 1 in Staves
  1135 | D:2      | Reached skill level 1 in Slings
  1135 | D:2      | Reached skill level 1 in Bows
  1135 | D:2      | Reached skill level 1 in Crossbows
  1135 | D:2      | Reached skill level 1 in Throwing
  1135 | D:2      | Reached skill level 1 in Armour
  1135 | D:2      | Reached skill level 1 in Shields
  1135 | D:2      | Reached skill level 1 in Unarmed Combat
  1135 | D:2      | Reached skill level 1 in Evocations
  1135 | D:2      | Reached XP level 4. HP: 19/32 MP: 1/11
  1457 | D:2      | Found an ancient bone altar of Kikubaaqudgha.
  1458 | D:2      | Reached skill level 1 in Conjurations
  1458 | D:2      | Reached skill level 1 in Summonings
  1458 | D:2      | Reached skill level 1 in Necromancy
  1458 | D:2      | Reached skill level 1 in Translocations
  1458 | D:2      | Reached skill level 1 in Transmutations
  1458 | D:2      | Reached skill level 1 in Fire Magic
  1458 | D:2      | Reached skill level 1 in Ice Magic
  1458 | D:2      | Reached skill level 1 in Air Magic
  1458 | D:2      | Reached skill level 1 in Earth Magic
  1458 | D:2      | Reached skill level 1 in Poison Magic
  1683 | D:2      | Found an ornate altar of the Wu Jian Council.
  2083 | D:3      | Reached XP level 5. HP: 37/37 MP: 6/12
  2097 | D:3      | Found a radiant altar of Vehumet.
  2406 | D:3      | Found a hazy altar of Hepliaklqana.
  2564 | D:3      | Gained mutation: Armour fits poorly on your strangely
                  | shaped body. [potion of mutation]
  2564 | D:3      | Gained mutation: You occasionally shout uncontrollably at
                  | your foes. [potion of mutation]
  2564 | D:3      | Gained mutation: You are partially covered in iridescent
                  | scales. (AC +2) [potion of mutation]
  2997 | D:4      | Found Kariups's Distillery.
  3084 | D:4      | Noticed Dowan
  3160 | D:4      | Noticed Duvessa
  3383 | D:4      | Noticed Eustachio
  3621 | D:3      | Reached XP level 6. HP: 40/44 MP: 6/13
  3693 | D:3      | Killed Dowan
  3696 | D:3      | HP: 1/44 [Duvessa/+0 rapier (9)]
  3697 | D:3      | Slain by Duvessa

Illustrated notes

Levels and vault maps discovered:
D:1:      dpeg_arrival_rooms_b, layout_basic
D:2:      layout_basic, lemuel_crystal_altar, kennysheep_vampire_church,
          minmay_octomino_e4
D:3:      layout_basic, lemuel_doored_altar, vehumet_crystals
D:4:      layout_rooms, gammafunk_temple_overflow_wave, serial_shops, shop,
          minmay_misc_feat_plants, uniq_eustachio, uniq_duvessa, uniq_natasha,
          uniq_pikel

Skill      XL: |  1  2  3  4  5 |
---------------+----------------+-----
Spellcasting   | 5 |  5.3
Stealth        | 6 |  6.2
Invocations    | 1 2 |  2.1
Fighting       | 1 |  1.9
Long Blades    | 1 |  1.9
Axes           | 1 |  1.9
Maces & Flails | 1 |  1.9
Polearms       | 1 |  1.9
Staves         | 1 |  1.9
Slings         | 1 |  1.9
Bows           | 1 |  1.9
Crossbows      | 1 |  1.9
Throwing       | 1 |  1.9
Armour         | 1 |  1.9
Shields        | 1 |  1.9
Unarmed Combat | 1 |  1.9
Evocations     | 1 |  1.9
Conjurations   | 1 |  1.5
Summonings     | 1 |  1.5
Necromancy     | 1 |  1.5
Translocations | 1 |  1.5
Transmutations | 1 |  1.5
Fire Magic     | 1 |  1.5
Ice Magic      | 1 |  1.5
Air Magic      | 1 |  1.5
Earth Magic    | 1 |  1.5
Poison Magic   | 1 |  1.5
Short Blades   | 3 |  3.2
Dodging        | |  4.9
Hexes          | |  5.6

Action                   |  1- 3 |  4- 6 || total
-------------------------+-------+-------++-------
Melee: Dagger            |    72 |   145 ||   217
       Bite              |     3 |    12 ||    15
       Punch             |       |     2 ||     2
 Cast: Corona            |     4 |       ||     4
       Ensorcelled Hiber |    12 |    53 ||    65
Evoke: Wand              |       |     4 ||     4
  Use: Potion            |       |     4 ||     4
 Stab: Sleeping          |    23 |    37 ||    60
Armor: Robe              |    10 |       ||    10
       Leather armour    |       |    28 ||    28
Dodge: Dodged            |    44 |   132 ||   176

Table legend: (Time is in decaauts)
 A = Elapsed time spent in this place.
 B = Non-inter-level travel time spent in this place.
 C = Inter-level travel time spent in this place.
 D = Time resting spent in this place.
 E = Time spent auto-exploring this place.
 F = Levels seen in this place.
 G = Mean time per level.
                   A        B        C        D        E       F      G
               +--------+--------+--------+--------+--------+-----+--------+
         Total |   3670 |   3635 |     35 |   1280 |   1314 |   4 |  917.5 |
       Dungeon |   3670 |   3635 |     35 |   1280 |   1314 |   4 |  917.5 |
               +--------+--------+--------+--------+--------+-----+--------+

Top non-repeatable levels by time:
     D:3: 1666 daAuts
     D:2: 1032 daAuts
     D:1: 944 daAuts
     D:4: 28 daAuts
